 Dungeon Crawl Stone Soup version 0.28-a0-899-gf2b78a14d2 (webtiles) character file.

Game seed: 2963535260044720437

208 Htamos the Magician (level 6, -4/45 HPs)
             Began as a Djinni Conjurer on Nov 23, 2021.
             Slain by Grinder the chaos spawn (5 damage)
             ... on level 4 of the Dungeon.
             The game lasted 00:09:28 (4496 turns).

Htamos the Magician (Djinni Conjurer)               Turns: 4496, Time: 00:09:29

Health: -4/45      AC: 10    Str:  6    XL:     6   Next: 11%
Gold:   98         EV: 10    Int: 22    God:
                   SH:  0    Dex: 11

rFire   + + .      SeeInvis .   w - +1 dagger (venom)
rCold   x . .      Faith    .   (no shield)
rNeg    . . .      Spirit   .   q - +0 swamp dragon scales
rPois   ∞          Reflect  .   (no helmet)
rElec   .          Harm     .   (no cloak)
rCorr   .          Rampage  .   o - +2 pair of gloves
Will    .....                   (boots unavailable)
Stlth   +.........              (no amulet)
HPRegen 0.15/turn               (no ring)
MPRegen 0.00/turn               (no ring)

@: flying
A: sickness immunity, fire resistance 2, cold vulnerability 1, float, innate
caster, hp casting, extra vitality 1
a: no special abilities


You were on level 4 of the Dungeon.
You visited 1 branch of the dungeon, and saw 4 of its levels.

You collected 98 gold pieces.

Inventory:

Hand Weapons
 b - a +0 dagger
 k - a +0 hunting sling
 v - a +2 antimagic dagger
 w - a +1 dagger of venom (weapon)
Missiles
 j - 95 stones
Armour
 a - a +0 robe
 n - a +0 ring mail
 o - a +2 pair of gloves (worn)
 q - +0 swamp dragon scales (worn)
 y - a +1 animal skin
 z - a +0 helmet
Jewellery
 c - a +6 ring of intelligence
Wands
 x - a wand of polymorph (5)
Scrolls
 e - a scroll of enchant weapon {unknown}
 f - a scroll of teleportation {unknown}
 g - a scroll of holy word {unknown}
 h - 2 scrolls of torment {unknown}
 i - a scroll of fear
 l - 2 scrolls of identify {unknown}
 p - 2 scrolls of brand weapon {unknown}
 u - 3 scrolls of immolation {unknown}
Potions
 d - 2 potions of haste {unknown}
 m - 2 potions of heal wounds {unknown}
 r - 4 potions of curing {@qc}
 s - a potion of might {unknown}
 t - a potion of degeneration {unknown}


   Skills:
 + Level 2.4 Fighting
 + Level 3.6 Dodging
 - Level 1.6 Stealth
 * Level 4.4 Spellcasting


You couldn't memorise any spells.
You knew the following spells:

 Your Spells              Type           Power      Damage    Failure   Level
a - Magic Dart            Conj           96%        1d7       7%          1
b - Searing Ray           Conj           48%        2d6       11%         2
c - Dazzling Flash        Conj/Hex       48%        N/A       22%         3
d - Fulminant Prism       Conj/Hex       12%        3d9       56%         4
e - Iskenderun's Mystic   Conj/Tloc      24%        2d7       56%         4
f - Sandblast             Erth           48%        2d12      7%          1
g - Static Discharge      Conj/Air       24%        N/A       11%         2
Your spell library was empty.

Dungeon Overview and Level Annotations

Branches:
Dungeon (4/15)
 Temple: D:4-7

Altars:
Vehumet
Zin

Shops:
D:1 (

Annotations:
D:4 Grinder


Innate Abilities, Weirdness & Mutations

You are immune to sickness and miasma.
You are immune to poison.
Your flesh is very heat resistant. (rF++)
You are vulnerable to cold. (rC-)
You float through the air rather than walking.
You learn spells naturally, not from books.
Your magical power is your life essence.
You have superior vitality. (+4 HP)


Message History

Confirm with . or Enter, or press ? or * to list all spells.
Aiming: Magic Dart (safe; 7% risk of failure)
Press: ? - help, Shift-Dir - straight line, f/p - Grinder
Aim: Grinder the chaos spawn (100% to hit)
The magic dart hits Grinder but does no damage.
Casting: Magic Dart (safe; 7% risk of failure)
Confirm with . or Enter, or press ? or * to list all spells.
Aiming: Magic Dart (safe; 7% risk of failure)
Press: ? - help, Shift-Dir - straight line, f/p - Grinder
Aim: Grinder the chaos spawn (100% to hit)
The magic dart hits Grinder but does no damage.
Casting: Magic Dart (safe; 7% risk of failure)
Confirm with . or Enter, or press ? or * to list all spells.
Aiming: Searing Ray (safe; 11% risk of failure)
Press: ? - help, Shift-Dir - straight line, f/p - Grinder
Aim: Grinder the chaos spawn (74% to hit)
The searing ray hits Grinder.
Grinder is lightly wounded. (Press . to maintain the ray.)
The searing ray hits Grinder.
Grinder is moderately wounded.
The searing ray hits Grinder!
Grinder is heavily wounded.
Grinder barely misses you.
The searing ray hits Grinder.
Grinder is heavily wounded.
You finish channelling your searing ray.
Grinder hits you! Grinder freezes you!!
You feel a terrible chill!
* * * LOW HITPOINT WARNING * * *
Unknown command.
Casting: Searing Ray (safe; 11% risk of failure)
Confirm with . or Enter, or press ? or * to list all spells.
Aiming: Searing Ray (safe; 11% risk of failure)
Press: ? - help, Shift-Dir - straight line, f/p - Grinder
Aim: Grinder the chaos spawn (heavily wounded, 74% to hit)
The searing ray misses Grinder. (Press . to maintain the ray.)
* * * LOW HITPOINT WARNING * * *
Grinder hits you.
You die...

.................######..#.##
..<.................####....#
......#.#.......#.#.........##
.....##.#....................#
##......#.......#.#...##.##..###
#....................###.##....##
.....................##.........#
..................##.#...........
..........!....4@........#.#.....
............##...##.....##.#.....
............####.##.....##...#.#.
.##.......#.####.##..##..........
###.......#.#..##.......#..#.#.
##...........#.........#.....
#...##.#............#..#..###
..... ###..................#.#
###..# #...........##...(....#


You could see Grinder the chaos spawn.

Vanquished Creatures
  A scorpion (D:3)
  Robin (D:3)
  3 gnolls
  4 adders
  3 orcs
  10 bats
  6 endoplasms
  3 giant cockroaches
  12 goblins
  5 hobgoblins
  3 jackals (D:2)
  9 ball pythons
  3 frilled lizards
  3 kobolds
  4 rats
70 creatures vanquished.

Vanquished Creatures (others)
  A plant (D:3)
1 creature vanquished.

Grand Total: 71 creatures vanquished

Notes
Turn   | Place    | Note
-------+----------+-------------------------------------------
     0 | D:1      | Htamos the Djinni Conjurer began the quest for the Orb.
     0 | D:1      | Reached XP level 1. HP: 15/15 MP: 0/0
   409 | D:1      | Reached XP level 2. HP: 20/21 MP: 0/0
   421 | D:1      | Found Yrarghan's Weapon Emporium.
  1184 | D:2      | Reached XP level 3. HP: 21/26 MP: 0/0
  1184 | D:2      | Learned a level 1 spell: Sandblast
  1409 | D:2      | Reached skill level 1 in Fighting
  1921 | D:2      | Found a faded altar of an unknown god.
  2499 | D:3      | Reached XP level 4. HP: 30/32 MP: 0/0
  2626 | D:3      | Found a glowing silver altar of Zin.
  3129 | D:3      | Reached skill level 4 in Spellcasting
  3210 | D:3      | Reached XP level 5. HP: 32/38 MP: 0/0
  3210 | D:3      | Learned a level 2 spell: Static Discharge
  3489 | D:4      | Noticed Grinder
  3921 | D:4      | Noticed Robin
  4122 | D:3      | Reached XP level 6. HP: 37/44 MP: 0/0
  4389 | D:3      | Killed Robin
  4489 | D:4      | Noticed Grinder
  4489 | D:4      | Grinder changed into Grinder the chaos spawn
  4496 | D:4      | Slain by Grinder the chaos spawn

Illustrated notes

Levels and vault maps discovered:
D:1:      sevenhm_arrival_forest_fort_large_1, layout_loops_ring, serial_shops,
          shop_statue, amcnicky_mini_rare_corridor_liquid
D:2:      layout_basic, basic_altar, shapermc_ecumenical_altar_mp_highgroup
D:3:      layout_rooms, zin_statuary, serial_park_tiny_1, grunt_ministairs_8,
          guppyfry_early_lair_pool
D:4:      layout_cave_pools, serial_glass, glass_columns_b, glass_columns_a,
          glass_columns_a, glass_columns_c, glass_columns_a, glass_columns_b,
          uniq_grinder, uniq_robin, uniq_crazy_yiuf_cottage

Skill      XL: |  1  2  3  4  5 |
---------------+----------------+-----
Fighting       | 1 2 |  2.4
Dodging        | 3 |  3.6
Spellcasting   | 4 |  4.4
Stealth        | |  1.6

Action                   |  1- 3 |  4- 6 || total
-------------------------+-------+-------++-------
 Fire: Hunting sling     |       |     1 ||     1
 Cast: Magic Dart        |    64 |    70 ||   134
       Searing Ray       |     2 |     5 ||     7
       Sandblast         |       |     3 ||     3
Evoke: Wand              |       |     1 ||     1
  Use: Scroll            |       |     1 ||     1
       Potion            |       |     1 ||     1
Armor: Robe              |     2 |     1 ||     3
       Swamp dragon scal |       |    17 ||    17
Dodge: Dodged            |     3 |    27 ||    30

Table legend: (Time is in decaauts)
 A = Elapsed time spent in this place.
 B = Non-inter-level travel time spent in this place.
 C = Inter-level travel time spent in this place.
 D = Time resting spent in this place.
 E = Time spent auto-exploring this place.
 F = Levels seen in this place.
 G = Mean time per level.
                   A        B        C        D        E       F      G
               +--------+--------+--------+--------+--------+-----+--------+
         Total |   4501 |   4209 |    292 |    402 |   3330 |   4 | 1125.2 |
       Dungeon |   4501 |   4209 |    292 |    402 |   3330 |   4 | 1125.2 |
               +--------+--------+--------+--------+--------+-----+--------+

Top non-repeatable levels by time:
     D:3: 1692 daAuts
     D:2: 1532 daAuts
     D:1: 1030 daAuts
     D:4: 245 daAuts
